 Dungeon Crawl Stone Soup version 0.27-a0-906-g0a00ce863d (webtiles) character file.

Game seed: 6580282657892136458

441 jestyr24 the Conjurer (level 6, -6/41 HPs)
             Began as a Demonspawn Conjurer on Apr 6, 2021.
             Was a Follower of Kikubaaqudgha.
             Mangled by Sigmund
             ... wielding a +0 scythe
              (7 damage)
             ... on level 4 of the Dungeon.
             The game lasted 00:10:07 (3388 turns).

jestyr24 the Conjurer (Demonspawn Conjurer)         Turns: 3388, Time: 00:10:07

Health: -6/41      AC:  2    Str:  8    XL:     6   Next: 70%
Magic:  4/12       EV: 12    Int: 21    God:    Kikubaaqudgha [*.....]
Gold:   118        SH:  0    Dex: 11    Spells: 10/13 levels left

rFire    . . .     SeeInvis .   b - +0 short sword
rCold    . . .     Faith    .   (no shield)
rNeg     . . .     Spirit   .   a - +0 robe
rPois    .         Reflect  .   (no helmet)
rElec    .         Harm     .   (no cloak)
rCorr    .         Rampage  .   (no gloves)
Will     .....                  (no boots)
Stlth    +.........             (no amulet)
HPRegen  0.13/turn              (no ring)
MPRegen  0.13/turn              (no ring)

@: no status effects
A: hooves 2
a: Renounce Religion, Receive Corpses


You were on level 4 of the Dungeon.
You worshipped Kikubaaqudgha.
Kikubaaqudgha was aware of your devotion.
You visited 1 branch of the dungeon, and saw 4 of its levels.

You collected 118 gold pieces.

Inventory:

Hand Weapons
 b - a +0 short sword (weapon)
Missiles
 q - 8 poisoned darts
Armour
 a - a +0 robe (worn)
 l - a +0 helmet
Jewellery
 r - a ring of ice
Scrolls
 c - 2 scrolls of identify {unknown}
 e - a scroll of silence {unknown}
 k - a scroll of noise {unknown}
 n - a scroll of amnesia {unknown}
 o - a scroll of enchant armour {unknown}
 p - a scroll of fog {unknown}
Potions
 d - a potion of might {unknown}
 f - 4 potions of curing {unknown}
 g - 2 potions of brilliance {unknown}
 h - a potion of ambrosia {unknown}
 i - a potion of resistance {unknown}
 j - a potion of heal wounds
 m - 3 potions of cancellation {unknown}
 s - a potion of degeneration {unknown}


   Skills:
 + Level 2.2 Dodging
 - Level 1.8 Stealth
 + Level 4.0 Spellcasting
 + Level 6.8 Conjurations


You had 10 spell levels left.
You knew the following spells:

 Your Spells              Type           Power      Damage    Failure   Level
a - Magic Dart            Conj           100%       1d8       1%          1
b - Searing Ray           Conj           66%        3d5       1%          2

Your spell library contained the following spells:

 Spells                   Type           Power      Damage    Failure   Level
 Dazzling Flash           Conj/Hex       36%        N/A       9%          3
 Animate Skeleton         Necr           8%         N/A       12%         1
 Corona                   Hex            4%         N/A       12%         1
 Pain                     Necr           16%        1d4       12%         1
 Ensorcelled Hibernation  Hex/Ice        8%         N/A       19%         2
 Sublimation of Blood     Necr           2%         N/A       19%         2
 Fulminant Prism          Conj/Hex       9%         3d7       28%         4
 Iskenderun's Mystic Bla  Conj/Tloc      18%        2d6       28%         4
 Confusing Touch          Hex            4%         N/A       34%         3
 Tukima's Dance           Hex            4%         N/A       34%         3
 Vampiric Draining        Necr           2%         2d6       34%         3


Dungeon Overview and Level Annotations

Branches:
Dungeon (4/15)
 Temple: D:4-7

Altars:
Kikubaaqudgha

Annotations:
D:4 Sigmund


Innate Abilities, Weirdness & Mutations

You have hoof-like feet.


Message History

The jackal closely misses you.
The magic dart hits the jackal!
You kill the jackal!
Kikubaaqudgha accepts your kill.
Sigmund shouts!
The jackal closely misses you.
Casting: Magic Dart (safe; 1% risk of failure)
Confirm with . or Enter, or press ? or * to list all spells.
Aiming: Searing Ray (safe; 1% risk of failure)
Press: ? - help, Shift-Dir - straight line, f - Sigmund
Aim: Sigmund, wielding a +0 scythe and wearing a +0 robe (22% to evade)
Okay, then.
Sigmund points at himself and mumbles some strange words.
Sigmund flickers and vanishes!
Deactivating autopickup; reactivate with Ctrl-A.
The jackal closely misses you.
You hit the jackal.
You kill the jackal!
Kikubaaqudgha accepts your kill.
An endoplasm comes into view.
A quokka comes into view.
Something hits you. Something hits you! Something hits you!
Casting: Searing Ray (safe; 1% risk of failure)
Confirm with . or Enter, or press ? or * to list all spells.
Aiming: Searing Ray (safe; 1% risk of failure)
Press: ? - help, Shift-Dir - straight line The searing ray hits something! (Press . to maintain the ray.)
The endoplasm quivers.
Something hits you!
* * * LOW HITPOINT WARNING * * *
The quokka bites you.
* * * LOW HITPOINT WARNING * * *
Something barely misses you. The quokka bites you.
* * * LOW HITPOINT WARNING * * *
The searing ray hits something!
Something hits you!
You die...
Kikubaaqudgha rasps: "You have failed me!
Welcome... death!"

#..# # ########..##..
#............
#.........# #
#.........# #
#.....)...# #
#.........# #
######.........#####..#
......).#####...@{†...#
#######.# ##.##r..†.#
.## #.# #.##.#......
$.. ..# #.##.###.#.#
.### ..# ...... ... ...
.. .<.... .. #.# ##
#..####. # #... .


You could see a quokka.

Vanquished Creatures
  Grinder (D:3)
  A phantom (D:4)
  Ijyb (D:3)
  Jessica (D:2)
  3 adders
  A white imp (D:3)
  3 worms
  3 dart slugs (D:1)
  An orc (D:4)
  4 ball pythons
  7 endoplasms
  3 giant cockroaches
  8 goblins
  5 hobgoblins
  5 jackals
  2 kobolds (D:1)
  3 quokkas
  3 bats
  2 frilled lizards
  A rat (D:2)
58 creatures vanquished.

Notes
Turn   | Place    | Note
-------+----------+-------------------------------------------
     0 | D:1      | jestyr24 the Demonspawn Conjurer began the quest for the
                  | Orb.
     0 | D:1      | Reached XP level 1. HP: 13/13 MP: 3/3
   248 | D:1      | Gained mutation: You have large cloven feet. [demonic
                  | ancestry]
   248 | D:1      | Reached XP level 2. HP: 19/19 MP: 3/5
   683 | D:1      | Found a faded altar of an unknown god.
   689 | D:1      | Became a worshipper of Kikubaaqudgha
   689 | D:1      | Reached * piety under Kikubaaqudgha
   689 | D:1      | Identified Kikubaaqudgha's Disquisition on Black Magic
                  | (Kikubaaqudgha gifted it to you on level 1 of the Dungeon)
   689 | D:1      | Received a gift from Kikubaaqudgha
   698 | D:1      | Reached XP level 3. HP: 20/24 MP: 0/6
   969 | D:2      | Noticed Jessica
   973 | D:2      | Killed Jessica
   974 | D:2      | Reached skill level 5 in Conjurations
  1094 | D:2      | Learned a level 2 spell: Searing Ray
  1191 | D:2      | Found an ancient bone altar of Kikubaaqudgha.
  1463 | D:2      | Reached XP level 4. HP: 30/30 MP: 5/7
  1941 | D:3      | Noticed Ijyb
  1953 | D:3      | Paralysed by Ijyb for 2 turns
  1967 | D:3      | Killed Ijyb
  2201 | D:3      | Noticed Grinder
  2202 | D:3      | Paralysed by Grinder for 4 turns
  2211 | D:3      | Killed Grinder
  2212 | D:3      | Reached skill level 6 in Conjurations
  2212 | D:3      | Reached XP level 5. HP: 33/35 MP: 1/10
  2212 | D:3      | Gained mutation: You have hoof-like feet. [demonic
                  | ancestry]
  2212 | D:3      | Reached XP level 6. HP: 39/41 MP: 1/11
  3218 | D:4      | Noticed a shadow
  3376 | D:4      | Noticed Sigmund
  3387 | D:4      | HP: 1/41 [quokka (5)]
  3388 | D:4      | Mangled by Sigmund

Illustrated notes

Levels and vault maps discovered:
D:1:      dpeg_arrival_stone_temple_mockup, layout_basic, basic_ecumenical_altar
D:2:      layout_basic, basic_altar, minmay_box_of_dots, uniq_jessica
D:3:      layout_loops_ring, uniq_ijyb, uniq_grinder
D:4:      layout_basic, nicolae_ossuary_entry_giza,
          hangedman_abyss_or_decor_passed, lightli_corner_chamber, uniq_sigmund

Skill      XL: |  1  2  3  4  5  6 |
---------------+-------------------+-----
Conjurations   | 5 6 |  6.8
Dodging        | 2 |  2.2
Spellcasting   | 3 4 |  4.0
Stealth        | |  1.8

Action                   |  1- 3 |  4- 6 || total
-------------------------+-------+-------++-------
Melee: Short sword       |     8 |    18 ||    26
       Kick              |     2 |       ||     2
 Cast: Magic Dart        |    51 |    48 ||    99
       Searing Ray       |       |    11 ||    11
Armor: Robe              |     1 |     1 ||     2
Dodge: Dodged            |     5 |    13 ||    18

Table legend: (Time is in decaauts)
 A = Elapsed time spent in this place.
 B = Non-inter-level travel time spent in this place.
 C = Inter-level travel time spent in this place.
 D = Time resting spent in this place.
 E = Time spent auto-exploring this place.
 F = Levels seen in this place.
 G = Mean time per level.
                   A        B        C        D        E       F      G
               +--------+--------+--------+--------+--------+-----+--------+
         Total |   3390 |   3233 |    157 |    771 |   2091 |   4 |  847.5 |
       Dungeon |   3390 |   3233 |    157 |    771 |   2091 |   4 |  847.5 |
               +--------+--------+--------+--------+--------+-----+--------+

Top non-repeatable levels by time:
     D:3: 1396 daAuts
     D:1: 918 daAuts
     D:2: 870 daAuts
     D:4: 204 daAuts
